 Dungeon Crawl Stone Soup version 0.18.1-47-g9310371 (webtiles) character file.

11503 Firecrotchwizard the Bludgeoner (level 11, -14/99 HPs)
             Began as a Minotaur Berserker on June 17, 2016.
             Was a High Priest of Trog.
             Demolished by an orc warrior
             ... wielding a +0 halberd
             ... led by an orc knight
              (34 damage)
             ... on level 12 of the Dungeon.
             The game lasted 00:33:30 (8520 turns).

Firecrotchwizard the Bludgeoner (MiBe)              Turns: 8520, Time: 00:33:32

Health: -14/99     AC: 17    Str: 27    XL:     11   Next: 50%
Magic:  10/10      EV:  5    Int:  4    God:    Trog [*****.]
Gold:   439        SH: 18    Dex: 14    Spells: 0 memorised, 10 levels left

rFire  . . .     SeeInvis +     O - +1 mace (holy)
rCold  . . .     Gourm    +     P - +0 plate armour
rNeg   . . .     Faith    .     K - +0 large shield
rPois  .         Spirit   .     (helmet restricted)
rElec  .         Dismiss  .     l - +0 cloak
rCorr  .         Reflect  .     M - +0 pair of gloves
SustAt .         Harm     .     (no boots)
MR     ++...                    b - amulet of the gourmand
Stlth  ..........               w - ring of see invisible
                                a - +6 ring of strength

@: lethally poisoned (-14 -> -14), exhausted, regenerating, slowed, very slow,
very resistant to hostile enchantments, extremely unstealthy
A: retaliatory headbutt, horns 2
a: Berserk, Trog's Hand, Brothers in Arms, Burn Spellbooks, Renounce Religion


You were on level 12 of the Dungeon.
You worshipped Trog.
Trog was extremely pleased with you.
You were not hungry.

You visited 1 branch of the dungeon, and saw 11 of its levels.

You collected 569 gold pieces.
You spent 130 gold pieces at shops.

Inventory:

Hand Weapons
 A - a +4 whip
 C - the +1 dagger "Conylim" {flame, rElec Int-4 Dex+2}
   (You found it on level 5 of the Dungeon)

   It has been specially enchanted to burn those struck by it, causing extra
   injury to most foes and up to half again as much damage against particularly
   susceptible opponents.
   It affects your intelligence (-4).
   It affects your dexterity (+2).
   It insulates you from electricity.
 O - a +1 mace of holy wrath (weapon)
 W - a +4 hand crossbow of flaming
Armour
 l - a +0 cloak (worn)
 K - a +0 large shield (worn)
 M - a +0 pair of gloves (worn)
 P - a +0 plate armour (worn)
 V - a troll hide
Jewellery
 a - a +6 ring of strength (left hand)
 b - an amulet of the gourmand (around neck)
 t - a +4 ring of strength
 u - an uncursed ring of protection from fire
 w - a ring of see invisible (right hand)
 y - a +6 ring of evasion
 R - a -4 ring of strength
Wands
 Q - a wand of iceblast (9/15)
Scrolls
 d - 5 scrolls of remove curse
 e - 2 scrolls of identify
 i - a scroll of enchant weapon
 m - 4 scrolls of magic mapping
 q - 5 scrolls of teleportation
 s - 3 scrolls of enchant armour {unknown}
 x - 2 scrolls of amnesia {unknown}
 z - a scroll of acquirement {unknown}
 E - 2 scrolls of fear {unknown}
 N - a scroll of random uselessness {unknown}
 S - a scroll of fog {unknown}
 T - a scroll of silence {unknown}
 X - a scroll of noise {unknown}
Potions
 f - 2 potions of magic {unknown}
 g - 2 potions of mutation {unknown}
 h - 2 potions of flight {unknown}
 j - a potion of resistance {unknown}
 k - 2 potions of lignification {unknown}
 n - 6 potions of curing
 r - 17 potions of degeneration
 v - 4 potions of haste
 B - 2 potions of heal wounds
 D - 2 potions of agility {unknown}
 I - a potion of cure mutation {unknown}
 J - 2 potions of might {unknown}
 L - a potion of ambrosia {unknown}
Books
 p - a book of Flames

   Spells                             Type                      Level
   a - Flame Tongue                   Conjuration/Fire             1
   b - Throw Flame                    Conjuration/Fire             2
   c - Conjure Flame                  Conjuration/Fire             3
   d - Inner Flame                    Hexes/Fire                   3
   e - Sticky Flame                   Conjuration/Fire             4
   f - Fireball                       Conjuration/Fire             5
   Trog disapproves of the use of such an item.
 F - Zusafrell's Reference Book on Shape Shifting
   (You found it on level 7 of the Dungeon)

   Spells                             Type                      Level
   a - Beastly Appendage              Transmutation                1
   b - Ignite Poison                  Fire/Transmutation/Poison    3
   c - Ice Form                       Ice/Transmutation            4
   d - Irradiate                      Conjuration/Transmutation    5
   e - Alistair's Intoxication        Transmutation/Poison         5
   Trog disapproves of the use of such an item.
Comestibles
 c - 9 bread rations
 o - 3 meat rations
 G - 8 beef jerkies
 H - 9 slices of pizza
 U - a royal jelly


   Skills:
 + Level 10.0 Fighting
 * Level 15.0 Maces & Flails
 + Level 9.9 Armour
 - Level 2.2 Dodging
 - Level 0.1 Stealth
 + Level 8.2 Shields


You had 10 spell levels left.
You didn't know any spells.

Dungeon Overview and Level Annotations

Branches:
Dungeon (12/15)            Temple (0/1) D:4            Lair (0/8) D:8
    Orc (0/2) D:11

Altars:
Cheibriados
Dithmenos
Kikubaaqudgha
Makhleb
Nemelex Xobeh
Qazlal
Sif Muna
Trog
Vehumet
Xom
Yredelemnul
Zin
The Shining One

Shops:
D:5 [!!   D:9 [   D:11 [

Portals:
Trove: D:10 (give 16 scrolls of identify)
Sewer: D:5

Annotations:
D:12 Frances


Innate Abilities, Weirdness & Mutations

You reflexively headbutt those who attack you in melee.
You have a pair of horns on your head.


Message History

You hit Frances but do no damage.
Frances is heavily wounded.
You feel sick. You block the centaur's attack.
Frances hits you with a scimitar!
* * * LOW HITPOINT WARNING * * *
The centaur hits you but does no damage.
You block the centaur's attack. The orc barely misses you.
The worker ant bites you.
* * * LOW HITPOINT WARNING * * *
The orc hits your ogre with a flail! The orc barely misses you.
You furiously retaliate!
You headbutt the orc.
Your ogre hits the orc knight with a giant spiked club.
The red devil barely misses you.
The orc knight hits you but does no damage.
The orc knight hits your ogre with a battleaxe!!
Your ogre dies!
Your ogre's corpse disappears in a puff of smoke!
The centaur hits you but does no damage.
The orc warrior hits you from afar with a halberd!!
You die...

############
...........
........ #.4...
. #cc@# .. ...
#c@o##....
#....##aooo.....
#.....ooo§......
................
................
################


You could see Frances, an orc knight, a red devil, an orc warrior, 3 centaurs, a
worker ant and 5 orcs.

Vanquished Creatures
  2 hydras
  2 unseen horrors (D:11)
  2 hill giants
  A deep elf mage (D:9)
  A gargoyle (D:11)
  A kobold demonologist (D:11)
  A troll (D:11)
  13 yaks
  A human (D:7)
  2 hippogriffs
  A hog (D:7)
  A hungry ghost (D:11)
  A water moccasin (D:11)
  A swamp drake (D:11)
  3 ice beasts
  5 orc warriors
  3 sky beasts
  A necrophage (D:5)
  A phantom (D:9)
  5 ogres
  4 centaurs
  5 big kobolds
  2 giant frogs
  2 scorpions
  5 killer bees (D:7)
  A howler monkey (D:10)
  3 crimson imps
  A centaur zombie (D:11)
  3 jellies
  2 orc wizards (D:11)
  A giant frog zombie (D:5)
  A gnoll shaman (D:10)
  5 orc priests
  A giant frog skeleton (D:10)
  3 hounds
  3 iguanas
  9 worker ants
  2 sheep (D:7)
  A hound zombie (D:9)
  17 gnolls
  A howler monkey skeleton (D:7)
  17 adders
  3 shadow imps
  An adder skeleton (D:7)
  3 worms
  3 dart slugs
  7 giant geckos
  25 orcs
  6 bats
  7 giant cockroaches
  7 goblins
  10 hobgoblins
  9 jackals
  5 quokkas
  A ball python (D:2)
  4 giant newts
  25 kobolds
  A quokka skeleton (D:4)
  10 rats
264 creatures vanquished.

Vanquished Creatures (collateral kills)
  A yak (D:11)
  A big kobold (D:11)
  2 kobolds (D:11)
4 creatures vanquished.

Grand Total: 268 creatures vanquished

Notes
Turn   | Place    | Note
--------------------------------------------------------------
     0 | D:1      | Firecrotchwizard the Minotaur Berserker began the quest for the Orb.
     0 | D:1      | Reached XP level 1. HP: 19/19 MP: 0/0
   488 | D:1      | Reached skill level 4 in Maces & Flails
   492 | D:1      | Reached XP level 2. HP: 25/26 MP: 1/1
   803 | D:1      | Reached skill level 5 in Maces & Flails
   820 | D:1      | Reached XP level 3. HP: 31/31 MP: 2/2
   939 | D:2      | Reached ** piety under Trog
   993 | D:2      | Found a faded altar to an unknown god.
  1116 | D:2      | Reached XP level 4. HP: 39/39 MP: 3/3
  1252 | D:2      | Reached skill level 6 in Maces & Flails
  1413 | D:2      | Reached XP level 5. HP: 26/46 MP: 4/4
  1814 | D:3      | Found a sparkling altar of Nemelex Xobeh.
  1932 | D:3      | Reached *** piety under Trog
  2634 | D:4      | Noticed an ogre
  2641 | D:4      | Killed an ogre
  2641 | D:4      | Reached skill level 7 in Maces & Flails
  2641 | D:4      | Reached XP level 6. HP: 39/55 MP: 5/5
  2877 | D:4      | Reached skill level 5 in Fighting
  3046 | D:4      | Found a staircase to the Ecumenical Temple.
  3083 | D:5      | Entered Level 5 of the Dungeon
  3083 | D:5      | Found Lisse's Distillery.
  3094 | D:5      | Bought a potion of heal wounds for 65 gold pieces
  3094 | D:5      | Bought a potion of heal wounds for 65 gold pieces
  3112 | D:5      | Reached skill level 8 in Maces & Flails
  3112 | D:5      | Reached XP level 7. HP: 54/61 MP: 6/6
  3146 | D:5      | Got a translucent dagger
  3305 | D:5      | Found Sapp's Distillery.
  3447 | D:5      | Found a shadowy altar of Dithmenos.
  3464 | D:5      | Reached skill level 5 in Armour
  3567 | D:5      | Reached skill level 9 in Maces & Flails
  3593 | D:5      | Found Mauckaq's Antique Armour Shop.
  3651 | D:5      | Found a glowing drain.
  3652 | D:5      | You fall through a shaft for 2 floors!
  3681 | D:7      | Reached XP level 8. HP: 58/70 MP: 7/7
  3744 | D:7      | Found a deep blue altar of Sif Muna.
  3829 | D:7      | Reached skill level 10 in Maces & Flails
  3905 | D:7      | Reached **** piety under Trog
  4046 | D:7      | Identified Zusafrell's Reference Book on Shape Shifting
  4138 | D:7      | Identified the +1 dagger "Conylim" {flame, rElec Int-4 Dex+2} (You found it on level 5 of the Dungeon)
  4150 | D:7      | Found a radiant altar of Vehumet.
  4213 | D:7      | Found a glowing golden altar of the Shining One.
  4275 | D:7      | Reached skill level 11 in Maces & Flails
  4452 | D:8      | Reached XP level 9. HP: 78/79 MP: 8/8
  5000 | D:8      | Found a staircase to the Lair.
  5103 | D:9      | Reached skill level 1 in Shields
  5162 | D:9      | Found a basalt altar of Yredelemnul.
  5201 | D:9      | Reached skill level 12 in Maces & Flails
  5217 | D:9      | Found Zorphirua's Antique Armour Emporium.
  5420 | D:9      | Found a shadowy altar of Dithmenos.
  5422 | D:9      | Found a glowing golden altar of the Shining One.
  5422 | D:9      | Found a stormy altar of Qazlal.
  5425 | D:9      | Found a bloodstained altar of Trog.
  5425 | D:9      | Found a glowing silver altar of Zin.
  5427 | D:9      | Found a shimmering altar of Xom.
  5427 | D:9      | Found an ancient bone altar of Kikubaaqudgha.
  5428 | D:9      | Found a snail-covered altar of Cheibriados.
  5570 | D:9      | Noticed a hill giant
  5587 | D:9      | Killed a hill giant
  5587 | D:9      | Reached XP level 10. HP: 90/90 MP: 9/9
  5700 | D:9      | Noticed a deep elf mage
  5708 | D:9      | Killed a deep elf mage
  5854 | D:10     | Entered Level 10 of the Dungeon
  5854 | D:10     | Found a portal to a secret trove of treasure.
  6002 | D:10     | Reached skill level 13 in Maces & Flails
  6097 | D:10     | Reached ***** piety under Trog
  6111 | D:10     | Found a burning altar of Makhleb.
  6387 | D:10     | Reached skill level 5 in Shields
  6637 | D:10     | Noticed a four-headed hydra
  6647 | D:10     | Killed a four-headed hydra
  7082 | D:11     | Noticed an unseen horror
  7103 | D:11     | Killed an unseen horror
  7104 | D:11     | Reached skill level 14 in Maces & Flails
  7106 | D:11     | Noticed an orange demon
  7107 | D:11     | Reached XP level 11. HP: 97/97 MP: 10/10
  7186 | D:11     | Found Dehelel's Armour Shop.
  7355 | D:11     | Noticed a hill giant
  7366 | D:11     | Killed a hill giant
  7535 | D:11     | Noticed a four-headed hydra
  7547 | D:11     | Killed a four-headed hydra
  7951 | D:11     | Noticed an unseen horror
  7964 | D:11     | Killed an unseen horror
  7964 | D:11     | Reached skill level 10 in Fighting
  7972 | D:11     | Received a gift from Trog
  7985 | D:11     | Found a staircase to the Orcish Mines.
  8151 | D:11     | Reached skill level 15 in Maces & Flails
  8154 | D:11     | HP: 3/99 [poisoned by a gnoll]
  8155 | D:11     | HP: 1/99 [poisoned by a gnoll]
  8505 | D:12     | Noticed an orc knight
  8509 | D:12     | Noticed Frances
  8520 | D:12     | Demolished by an orc warrior

Skill      XL: |  1  2  3  4  5  6  7  8  9 10 11 |
---------------+----------------------------------+-----
Maces & Flails | 4 5 6 7 8 9 11 12 14 15 | 15.0
Fighting       | 4 5 6 7 8 9 10 | 10.0
Armour         | 3 4 5 7 8 9 |  9.9
Shields        | 4 7 8 |  8.2
Dodging        | |  2.2
Stealth        | |  0.1

Action                   |  1- 3 |  4- 6 |  7- 9 | 10-12 || total
-------------------------+-------+-------+-------+-------++-------
Melee: Mace              |    83 |   140 |   100 |   354 ||   677
       Headbutt          |    11 |    25 |    61 |   106 ||   203
       Whip              |       |    17 |   185 |       ||   202
       Flail             |       |     2 |       |       ||     2
Invok: Trog's Hand       |       |     1 |     1 |     3 ||     5
       Berserk           |       |       |     1 |     3 ||     4
       Brothers in Arms  |       |       |       |     2 ||     2
  Use: Scroll            |       |       |     5 |     3 ||     8
       Potion            |       |       |     1 |     2 ||     3
  Eat: Chunk             |     1 |     3 |     5 |    19 ||    28
       Meat ration       |       |     1 |       |       ||     1
       Fruit             |       |       |     3 |       ||     3
Armor: Chain mail        |    42 |    93 |    47 |       ||   182
       Animal skin       |     1 |       |       |       ||     1
       Plate armour      |       |       |    50 |   154 ||   204
Dodge: Dodged            |    35 |    74 |   124 |    80 ||   313
Block: Large shield      |       |       |    89 |   341 ||   430
